[Event "21st IPCA World Championship 2022"]
[Site "Ashdod"]
[Date "2022.05.10"]
[Round "2.1"]
[White "Valenta, Vit Vaclav"]
[Black "Yarmonov, Igor"]
[Result "0-1"]
[ECO "A14"]
[WhiteElo "2014"]
[BlackElo "2394"]
[Annotator "TA"]
[PlyCount "80"]
[EventDate "2022.05.09"]
[EventType "swiss"]
[EventCountry "ISR"]
[SourceTitle "playchess.com"]
[Source "ChessBase"]
[SourceQuality "1"]
[TimeControl "5400+30"]

1. Nf3 d5 2. c4 e6 3. b3 Nf6 4. Bb2 Be7 5. g3 O-O 6. Bg2 Nbd7 7. O-O b6 8. d3 Bb7 9. Nbd2 a5 {[%emt 0:00:29][%cal Oa5a4] A14: English Opening: 1...e6 with b3 by White.} 10. a4 {[%emt 0:07:15] [#]} Bb4 $146 ({Predecessor:} 10... Re8 11. Rc1 Bb4 12. Ne5 Nxe5 13. Bxe5 Nd7 14. Bb2 Nc5 15. Nf3 f6 16. d4 Ne4 {½-½ (41) Atabayev,M (2492)-Lomasov,S (2441) Moscow 2017}) 11. Qc2 Re8 {[%emt 0:05:19] The position is equal.} 12. Rad1 c5 13. e3 {[%emt 0:01:43] Inhibits d4.} Qe7 14. Nb1 Nf8 15. Nc3 Ng6 16. Nb5 Red8 17. h3 Rd7 18. Ne5 Nxe5 19. Bxe5 Ne8 20. Bb2 Rad8 21. cxd5 exd5 22. d4 Nc7 23. dxc5 bxc5 24. Nxc7 Rxc7 25. Rc1 Bc8 26. Rfd1 Be6 27. Be5 (27. e4 $11) 27... Rcc8 28. Ba1 {[%emt 0:03:01] Inhibits d4.} f6 (28... d4 $15) 29. Qb2 (29. Bc3 $11) 29... Qf7 $15 30. Bf1 Rd6 ({Better is} 30... Qh5 $17) 31. f4 $2 {[%emt 0:02:47] [#] Now White is beyond hope.} (31. Qc2 $11 {and White is okay.}) 31... Rcd8 $19 32. Qc2 d4 33. exd4 cxd4 ({Weaker is} 33... Bxb3 34. Qxb3 Qxb3 35. Bc4+ Qxc4 36. Rxc4 $15) 34. Bc4 $2 (34. f5 Bxb3 35. Qxb3 Qxb3 36. Bc4+ Qxc4 37. Rxc4) 34... d3 35. Qf2 (35. Rxd3 Rxd3 36. Bxd3) 35... d2 36. Rc2 Bxc4 37. Rxc4 Qe6 38. Bc3 Qxh3 {[%emt 0:03:59] [#] ( -> ...Rd3)} 39. Bxb4 axb4 40. Qg2 Qg4 {[%emt 0:00:36] Weighted Error Value: White=0.82/Black=0.38} 0-1

[Event "21st IPCA World Championship 2022"]
[Site "Ashdod"]
[Date "2022.05.10"]
[Round "2.2"]
[White "Mikheev, Stanislav"]
[Black "Lipilin, Ilia"]
[Result "1-0"]
[ECO "A87"]
[WhiteElo "2333"]
[BlackElo "2198"]
[Annotator "TA"]
[PlyCount "103"]
[EventDate "2022.05.09"]
[EventType "swiss"]
[EventCountry "ISR"]
[SourceTitle "playchess.com"]
[Source "ChessBase"]
[SourceQuality "1"]
[TimeControl "5400+30"]

1. d4 f5 2. Nf3 Nf6 3. g3 g6 4. Bg2 Bg7 5. O-O O-O 6. b3 d6 7. Bb2 c6 8. c4 e5 9. dxe5 Ng4 10. Qc2 {[%emt 0:14:23] A87: Dutch Defence: Leningrad System: 5 Nf3.} dxe5 11. h3 e4 {[%emt 0:00:11] [#] Strongly threatening ...Bxb2.} 12. hxg4 {[%emt 0:00:38] And now Bxg7 would win. White is slightly better.} exf3 13. Bxf3 fxg4 14. Bg2 {[%emt 0:00:24] [#]} Na6 $146 (14... Bf5 $5 15. e4 Bxb2 16. Qxb2 Be6 $11) ({Predecessor:} 14... Bf5 15. e4 Be6 16. Nc3 Nd7 17. Rad1 Qg5 18. Ne2 Ne5 19. Qd2 Qh5 20. Nf4 Rxf4 21. Qxf4 {½-½ (35) Lammens,T-Purton,B (2121) Dos Hermanas 2004}) 15. Bxg7 Kxg7 16. Nd2 Bf5 17. e4 Be6 18. Qc3+ Kg8 19. b4 Qe7 20. a3 Rad8 21. Rad1 Qd6 (21... c5 $11) 22. Nb3 $14 Qxd1 23. Rxd1 Rxd1+ 24. Bf1 Rf3 25. Qc2 {[%emt 0:00:29][%mdl 1024] White has strong compensation.} Rd8 26. Be2 Rf6 {[%emt 0:03:33] White now steadily converts the win.} (26... Rf7 $14) 27. Nc1 (27. b5 $142 Nb8 28. Nc5) 27... Nb8 28. Nd3 Rdf8 29. Nf4 Bc8 (29... R8f7 $142 30. e5 (30. Nxe6 Rxe6 31. Bxg4 Ree7 $16) 30... Rxf4 31. gxf4 Nd7) 30. e5 Rf5 31. e6 (31. Bxg4 Rxf4 32. Bxc8 Rxf2 33. Qxf2 Rxf2 34. Kxf2 b6 $14) 31... Rxf4 32. gxf4 Bxe6 33. Qe4 Kf7 34. Qe5 {[%emt 0:01:17] Black must now prevent Qc7+.} Nd7 (34... Rc8 {was necessary.} 35. Qg5 Nd7 36. Bxg4 Bxg4) 35. Qc7 $18 Rb8 36. c5 Kf6 (36... Re8 {was worth a try.} 37. Qxb7 Bd5) 37. Kh2 ({Less strong is} 37. Qd6 Re8 38. Bxg4 Nf8 $18) 37... h5 38. Kg3 ({Not} 38. Qd6 Re8 39. Kg3 (39. Bc4 Nf8 $16) 39... a6 $16) (38. b5 $142) 38... g5 $2 (38... h4+ 39. Kxh4 Rh8+ 40. Kg3 Rh3+ 41. Kg2 Rxa3) 39. fxg5+ Kxg5 40. Qf4+ Kg6 41. Bd3+ Kg7 42. Qg5+ Kf8 43. Qxh5 Ke7 44. Qg5+ Nf6 45. Qe5 {[%emt 0:00:24] [#] Bf5 would kill now.} Nd7 46. Qd6+ Kf6 47. Bc4 Re8 48. Bxe6 Rxe6 49. Qxd7 Re7 50. Qd6+ Re6 51. Qf4+ Kg7 52. Qc7+ {[%emt 0:00:10] Weighted Error Value: White=0.17 (very precise) /Black=0.44} 1-0

[Event "21st IPCA World Championship 2022"]
[Site "Ashdod"]
[Date "2022.05.10"]
[Round "2.3"]
[White "Srimskov, Elishar"]
[Black "Zilberman, Yaacov"]
[Result "1/2-1/2"]
[ECO "A06"]
[WhiteElo "1992"]
[BlackElo "2315"]
[Annotator "TA"]
[PlyCount "81"]
[EventDate "2022.05.09"]
[EventType "swiss"]
[EventCountry "ISR"]
[SourceTitle "playchess.com"]
[Source "ChessBase"]
[SourceQuality "1"]
[TimeControl "5400+30"]

1. Nf3 d5 2. e3 Nf6 3. b3 c5 4. Bb2 a6 5. d4 Nc6 6. dxc5 {[%emt 0:01:25] A06: Réti Opening: 1 Nf3 d5.} e6 7. c4 Bxc5 8. cxd5 {[%emt 0:02:28] White has an edge.} exd5 9. Be2 O-O 10. O-O Re8 11. Nc3 Be6 12. Rc1 Ba7 {[%emt 0:01:06] [#]} 13. Bd3 $146 ({Predecessor:} 13. Na4 Ne4 14. Nd4 Bd7 15. Nxc6 Bxc6 16. Bd4 Bxa4 17. bxa4 Bxd4 18. Qxd4 Qa5 19. f3 {½-½ (69) Hafner,R (2087)-Spindelboeck,G (2257) Latschach 2014}) 13... Rc8 14. Ne2 Bb8 15. Ng3 Bg4 16. Bf5 Bxf5 17. Nxf5 h6 18. Re1 {[%emt 0:09:27] White is more active.} Ne5 19. Nxe5 (19. Bxe5 {keeps more tension.} Bxe5 20. Nxe5 Rxc1 21. Qxc1 Rxe5 22. Qc2) 19... Bxe5 20. Rxc8 Qxc8 21. Bxe5 Rxe5 22. Ng3 Re6 23. Qc1 Rc6 24. Qa3 Rc2 25. h3 {[%emt 0:00:00] [#]} (25. Qa5 $15) 25... Qc3 $1 $17 26. Rf1 {[%emt 0:00:00] [#]} Qc8 {[%emt 0:08:07] Inhibits Nf5.} ({Black should try} 26... g6 $1 $17 27. Qe7 b5) 27. Qa5 h5 28. Qa4 Qe6 29. Qf4 g6 {[%emt 0:03:03] Against Nf5} 30. a4 Kg7 31. Re1 Ne4 32. Nxe4 {[%emt 0:00:00] The position is equal.} Qxe4 33. Qxe4 dxe4 $11 {[%emt 0:00:04][%mdl 4096] Endgame KR-KR} 34. Rd1 Rb2 35. Rd4 Rb1+ 36. Kh2 Rxb3 37. Rxe4 b5 38. axb5 axb5 39. Kg3 Rb1 40. Kf4 b4 41. g4 {[%emt 0:00:00] Weighted Error Value: White=0.10 (very precise) /Black=0.12 (very precise)} 1/2-1/2

[Event "21st IPCA World Championship 2022"]
[Site "Ashdod"]
[Date "2022.05.10"]
[Round "2.4"]
[White "Obodchuk, Andrei"]
[Black "Cosic, Radoslav"]
[Result "1-0"]
[ECO "B08"]
[WhiteElo "2295"]
[BlackElo "2003"]
[Annotator "TA"]
[PlyCount "91"]
[EventDate "2022.05.09"]
[EventType "swiss"]
[EventCountry "ISR"]
[SourceTitle "playchess.com"]
[Source "ChessBase"]
[SourceQuality "1"]
[TimeControl "5400+30"]

1. e4 g6 2. d4 d6 3. Nc3 Bg7 4. Nf3 Nf6 5. Bf4 Bg4 (5... O-O $11) 6. Qd2 {[%emt 0:02:08] B08: Pirc Defence: Classical System.} ({Better is} 6. h3 $16 Bxf3 7. Qxf3) 6... Bxf3 7. gxf3 Nc6 8. d5 {[%emt 0:00:27] White is slightly better.} Ne5 9. Be2 {[%emt 0:00:18] [#]} h5 $146 ({Predecessor:} 9... c6 10. O-O-O O-O 11. Bh6 Bxh6 12. Qxh6 cxd5 13. Nxd5 Nxd5 14. Rxd5 Rc8 15. f4 Qc7 {½-½ (26) Grosar,A (2495)-Smirin,I (2575) Bratto 1997}) 10. O-O-O c6 11. Be3 Qa5 12. Kb1 a6 13. h3 cxd5 14. Nxd5 Qxd2 15. Rxd2 {[%emt 0:01:43] [#] Strongly threatening Nc7+.} Nxd5 16. Rxd5 Nd7 17. Rdd1 {[%emt 0:00:57] White is more active.} (17. f4 $14) 17... Rc8 18. f4 Nc5 19. Bf3 b5 20. Rhg1 Bf6 21. Rd5 {[%emt 0:05:49] Black must now prevent e5.} Ne6 22. e5 ({White should play} 22. Be2 $16) 22... dxe5 $14 23. fxe5 Bh4 (23... Bg7 $14) 24. a4 $18 Rc4 (24... O-O $142 25. axb5 axb5 26. Bxh5 (26. Rxb5 Ng7 $16) 26... Ng7) 25. b3 $2 (25. axb5 $18 {and the rest is easy.} axb5 26. Rxb5) 25... Rc3 26. Kb2 $36 {[%emt 0:03:57][%mdl 2048] White is on the roll.} ({But not} 26. axb5 $6 {[#]} Bxf2 $1 27. Bxf2 Rxf3 $11) 26... b4 (26... Bxf2 $16 27. Kxc3 Bxe3) 27. Be2 {[%emt 0:02:48] A strong pair of Bishops.} O-O 28. Bxh5 ({Don't play} 28. Bxa6 $6 Nc7 29. Rd4 Bxf2 30. Bxf2 Nxa6 $16) 28... Rfc8 29. Bd1 {[%emt 0:03:04] Hoping for Rg4.} Kh7 $2 (29... Ng7 {keeps fighting.} 30. Rd2 Nf5) 30. Rg4 $1 g5 31. Rxb4 R3c6 32. Rd7 {[%emt 0:00:42] White is clearly winning.} a5 33. Rb5 g4 34. hxg4 Nf8 35. Rd2 Ng6 36. Rxa5 Rc3 37. Rd3 R3c6 38. c4 f6 39. exf6 Bxf6+ 40. Ka2 Re6 41. Bc2 Kg7 42. Rh5 Ne5 43. g5 Nxd3 44. gxf6+ exf6 45. Bxd3 Rd6 46. Rd5 {[%emt 0:00:54] Weighted Error Value: White=0.15 (very precise) /Black=0.36} 1-0

[Event "21st IPCA World Championship 2022"]
[Site "Ashdod"]
[Date "2022.05.10"]
[Round "2.5"]
[White "Gerasimova, Svetlana"]
[Black "Gurbanov, Andrei"]
[Result "1/2-1/2"]
[ECO "C54"]
[WhiteElo "1906"]
[BlackElo "2302"]
[Annotator "TA"]
[PlyCount "116"]
[EventDate "2022.05.09"]
[EventType "swiss"]
[EventCountry "ISR"]
[SourceTitle "playchess.com"]
[Source "ChessBase"]
[SourceQuality "1"]
[TimeControl "5400+30"]

1. e4 e5 2. Nf3 Nc6 3. Bc4 Bc5 4. c3 Nf6 5. d4 exd4 6. cxd4 Bb4+ 7. Nbd2 {[%emt 0:01:51] C54: Giuoco Piano: 4 c3 Nf6, main lines with 5 d4 and 5 d3.} Nxe4 8. d5 {[%emt 0:02:47] [#] Black must now prevent 0-0.} Nxd2 9. Bxd2 {[%emt 0:00:19] The position is equal.} Bxd2+ 10. Qxd2 ({Don't play} 10. Nxd2 Qe7+ 11. Qe2 Qxe2+ 12. Kxe2 Ne5 $15) ({Of course not} 10. Kxd2 Ne7 $15) 10... Ne7 11. d6 cxd6 12. Qxd6 O-O 13. O-O Nf5 $1 14. Qd2 d6 {[%emt 0:01:27] [#]} 15. Rad1 $146 ({Predecessor:} 15. Bd5 Rb8 16. Rfe1 Bd7 17. Rac1 h6 18. Qd3 a6 19. Rc3 Ne7 20. Bb3 Bf5 21. Qe3 {0-1 (58) Vea,O (2211)-Persson,M (2292) Antalya 2017}) 15... Be6 16. Bxe6 fxe6 17. Ng5 Qf6 18. Ne4 Qg6 19. Qg5 {[%emt 0:08:55] [#]} (19. Nxd6 $14 Nxd6 20. Qxd6) 19... Qxg5 $1 $17 20. Nxg5 e5 21. Ne4 Rfd8 22. Rd5 Rac8 23. g4 Nd4 ({Better is} 23... Rc4 $17 24. f3 Nh4) 24. Rxd6 $11 Rxd6 25. Nxd6 {[%emt 0:00:05][%mdl 4096] Endgame KRN-KRN} Rc2 26. Kg2 Rxb2 27. Re1 Nc6 28. a3 Rb3 29. Re3 Rb6 30. Rc3 Nd8 31. Nc8 Ra6 32. Re3 Nc6 33. Nd6 Nd8 34. Nc8 Nf7 35. Rb3 b6 36. Rc3 Kf8 37. Rc7 $1 Rxa3 38. Nxa7 Nd6 39. Rd7 Nc4 40. Nc6 Ra8 41. Kf3 Rc8 42. Nb4 Rc5 43. Nd3 Ra5 44. Nb4 Ra4 45. Nc6 Ra3+ 46. Ke4 Ra2 47. Kf3 Nd2+ 48. Kg2 Nc4 49. Kg3 Rc2 50. Nb4 Rc3+ 51. Kg2 Rb3 52. Nc6 b5 53. Rb7 Rb2 54. Kg3 e4 55. Nd4 g6 56. Rxb5 Rd2 57. Ne6+ Ke7 58. Ng5 e3 {[%emt 0:00:55] Weighted Error Value: White=0.09 (flawless) /Black=0.09 (flawless)} 1/2-1/2

[Event "21st IPCA World Championship 2022"]
[Site "Ashdod"]
[Date "2022.05.10"]
[Round "2.6"]
[White "Campos, Eugenio"]
[Black "Babanov, Aleksandr"]
[Result "1-0"]
[ECO "B01"]
[WhiteElo "2247"]
[BlackElo "1929"]
[Annotator "TA"]
[PlyCount "71"]
[EventDate "2022.05.09"]
[EventType "swiss"]
[EventCountry "ISR"]
[SourceTitle "playchess.com"]
[Source "ChessBase"]
[SourceQuality "1"]
[TimeControl "5400+30"]

1. e4 d5 2. exd5 Qxd5 3. c4 Qd8 4. d4 Nf6 5. Nc3 Bg4 ({Better is} 5... e5 $11 6. Nf3 (6. dxe5 Qxd1+ 7. Nxd1 Ne4 $11) 6... exd4 7. Nxd4 (7. Qxd4 Qxd4 8. Nxd4 Bc5 $11) 7... Nc6) 6. Nge2 {[%emt 0:04:16] B01: Scandinavian Defence.} e6 {[%emt 0:01:13] [#]} 7. h3 $146 ({Predecessor:} 7. Be3 Nc6 8. f3 Bf5 9. g4 Bg6 10. h4 h5 11. g5 Ng8 12. Nf4 Nge7 13. Bh3 {0-1 (66) Janiszewski,F (1745)-Koziol,K (2006) Walbrzych 2013}) 7... Bh5 8. g4 {[%emt 0:02:20] White is better.} Bg6 9. Bg2 c6 10. Nf4 Bd6 11. c5 Bc7 {[%emt 0:03:52] [#]} 12. h4 $1 $36 {[%emt 0:01:31][%mdl 2048] Strongly threatening h5. Black is under strong pressure. White is more active.} Ba5 (12... e5 $16 {was called for.}) 13. f3 (13. O-O $18 {is more deadly.}) 13... h5 14. Nxg6 fxg6 15. Qd3 Kf7 ({Black should play} 15... O-O) 16. Bg5 $16 Qc7 17. O-O-O {[%emt 0:00:35] [#] And now Ne4 would win.} Bxc3 18. bxc3 (18. gxh5 $18 Ba5 19. hxg6+ (19. Qxg6+ Kg8 $11) 19... Ke7 20. Bh3) 18... Qa5 (18... Nbd7 $16 19. Rde1 Nf8) 19. Rd2 $18 Qa3+ (19... Nbd7 $142 20. Rb2 b6) 20. Rb2 Nd5 $2 (20... Nbd7 {keeps fighting.} 21. Kb1 Qa6) 21. Bd2 (21. gxh5 $142 gxh5 22. Bh3) 21... Nd7 22. Kb1 b5 23. Re1 {[%emt 0:00:00][%cal Oe1e6] aiming for Rxe6!} Rab8 $2 (23... Rae8 24. Qc2 Qa4) 24. Rb3 Qa6 25. Qe4 {[%emt 0:00:00] The board is on fire.} Nf8 (25... Rbe8 {is a better chance.}) 26. c4 Nf6 27. Qf4 Rd8 28. g5 bxc4 29. Bf1 ({Worse is} 29. gxf6 cxb3 30. fxg7+ Kxg7 31. axb3 Qd3+ 32. Kb2 Kg8 $11) 29... e5 30. Rxe5 Ne6 31. Rxe6 Kxe6 32. gxf6 gxf6 33. Rb4 (33. Bh3+ $142 f5 34. Qe5+ Kf7 35. Qc7+ Kg8 36. Qxd8+ Kh7 37. Qe7+ Kg8 38. Rb8+ Qc8 39. Rxc8#) 33... Qc8 34. Bxc4+ {[%emt 0:00:00] White mates.} Ke7 35. Qe4+ Kf8 36. Qxg6 {[%emt 0:00:00] Weighted Error Value: White=0.23 (precise) /Black=0.94} 1-0

[Event "21st IPCA World Championship 2022"]
[Site "Ashdod"]
[Date "2022.05.10"]
[Round "2.7"]
[White "Shapiro, Benny"]
[Black "Shchukina, Ekaterina"]
[Result "1-0"]
[ECO "A57"]
[WhiteElo "1884"]
[BlackElo "1496"]
[Annotator "NA RC COMBH"]
[PlyCount "67"]
[EventDate "2022.05.09"]
[EventType "swiss"]
[EventCountry "ISR"]
[SourceTitle "playchess.com"]
[Source "ChessBase"]
[SourceQuality "1"]
[TimeControl "5400+30"]

1. d4 Nf6 2. Nf3 g6 3. c4 c5 4. d5 b5 5. a4 bxc4 6. Nc3 d6 7. Nd2 Nbd7 8. f4 Bb7 9. e4 Bg7 10. a5 O-O 11. Bxc4 Qc8 $2 (11... Ne8 $11 {and Black is okay.}) 12. a6 Bxd5 $18 13. Bxd5 ({But not} 13. exd5 $6 Nb6 14. Qf3 Rb8 $18) 13... Rb8 14. Bb7 Qc7 15. O-O Nb6 16. Nb5 Qd7 17. Nxa7 Rxb7 18. axb7 Qxb7 19. Nb5 Qc6 20. Nc3 Nfd7 21. Nf3 c4 22. Be3 Nc5 23. Bd4 Nd3 24. Bxg7 Kxg7 25. g3 Nxb2 26. Qd4+ Kg8 27. Nd5 Nxd5 28. exd5 Qb5 29. Rfb1 Rb8 30. Ra2 c3 31. Qxc3 Qxd5 32. Raxb2 Rxb2 33. Rxb2 Qd1+ 34. Kg2 1-0

[Event "21st IPCA World Championship 2022"]
[Site "Ashdod"]
[Date "2022.05.10"]
[Round "2.8"]
[White "Oliel, Yehonatan"]
[Black "Alperovich, Asher"]
[Result "0-1"]
[ECO "B27"]
[WhiteElo "1535"]
[BlackElo "1865"]
[Annotator "NA RC COMBH"]
[PlyCount "69"]
[EventDate "2022.05.09"]
[EventType "swiss"]
[EventCountry "ISR"]
[SourceTitle "playchess.com"]
[Source "ChessBase"]
[SourceQuality "1"]
[TimeControl "5400+30"]

1. e4 c5 2. Nf3 g6 3. d4 cxd4 4. Qxd4 Nf6 5. Bb5 a6 6. Ba4 b5 7. Bb3 Nc6 8. Qd3 Bg7 9. Nc3 O-O 10. Be3 d6 11. O-O-O (11. O-O $15 {might be stronger.}) 11... Bb7 12. Nd2 Rc8 13. f3 Qa5 14. g4 Nb4 15. Qf1 {[%emt 0:07:56] [#]} Rxc3 $1 16. bxc3 Nxa2+ 17. Bxa2 Qxa2 18. Nb1 d5 19. e5 Nd7 20. f4 Rc8 21. Bd4 Nc5 22. h4 $2 (22. Bxc5 $17 {is the only way for White.} Rxc5 23. Qf2) 22... b4 ({Worse is} 22... Na4 23. Kd2 $17) 23. Qh3 Ne4 (23... b3 $142 24. Qh2 bxc2 25. Qxc2 Nb3+ 26. Qxb3 Qxb3) 24. Rd3 a5 25. Rh2 Ba6 26. Re3 a4 27. cxb4 a3 28. Rxa3 Qc4 29. c3 $4 Qxd4 $1 30. Rxa6 Nxc3 31. Rd2 Nxb1+ 32. Kxb1 Qxd2 33. Qa3 Qc2+ (33... Rc2 $142 34. Ra8+ Bf8 35. Rxf8+ Kxf8 36. Qa8+ Kg7 37. Qh8+ Kxh8 38. h5 Qd1#) 34. Ka1 f6 $19 (34... Qd1+ $142 35. Ka2 Rc2+ 36. Qb2 Rxb2+ 37. Kxb2 Qe2+ 38. Kc3 Qxa6 39. Kb3 Qc4+ 40. Ka4 d4 41. f5 d3 42. fxg6 d2 43. gxh7+ Kxh7 44. h5 Qa6+ 45. Kb3 d1=Q+ 46. Kc3 Bxe5#) 35. Ra8 0-1

[Event "21st IPCA World Championship 2022"]
[Site "Ashdod"]
[Date "2022.05.10"]
[Round "2.9"]
[White "Aleksandrova, Aleksandra"]
[Black "Volodarsky, Michael"]
[Result "1-0"]
[ECO "D00"]
[WhiteElo "1687"]
[BlackElo "1400"]
[Annotator "NA RC COMBH"]
[PlyCount "83"]
[EventDate "2022.05.09"]
[EventType "swiss"]
[EventCountry "ISR"]
[SourceTitle "playchess.com"]
[Source "ChessBase"]
[SourceQuality "1"]
[TimeControl "5400+30"]

1. d4 d5 2. e3 Nf6 3. Bd3 e6 4. Nd2 c5 5. c3 Nc6 6. f4 cxd4 7. exd4 Bd6 8. g3 Bd7 9. Qe2 Qc7 10. Ngf3 Ng4 11. O-O f6 12. Ne5 Ngxe5 13. fxe5 Be7 14. Qh5+ Kd8 15. Qf7 fxe5 16. Qxg7 Re8 17. Bxh7 e4 18. Bg6 Qd6 19. Bxe8 Bxe8 20. Nb3 b6 21. a4 a5 22. Be3 Ra7 23. Qg8 Qd7 24. Rf7 Kc7 25. Rh7 Kb7 26. Rf1 Ka6 27. Qg4 Qc8 28. Qe2+ Kb7 29. Qb5 Kb8 30. Rh8 Rb7 31. Nd2 Rd7 32. Rxe8 Qxe8 33. Qxc6 Bh4 34. Qxb6+ Rb7 35. Bf4+ Ka8 36. Qxa5+ Ra7 37. Qb5 Qg8 38. Qc6+ Rb7 39. Nb3 e3 40. Nc5 Qg7 41. Qa6+ Ra7 42. Qc8# 1-0

[Event "21st IPCA World Championship 2022"]
[Site "Ashdod"]
[Date "2022.05.10"]
[Round "2.10"]
[White "Klein, Djimmy"]
[Black "Mekus, Manuela"]
[Result "0-1"]
[ECO "E94"]
[WhiteElo "1392"]
[BlackElo "1644"]
[Annotator "NA RC COMBH"]
[PlyCount "62"]
[EventDate "2022.05.09"]
[EventType "swiss"]
[EventCountry "ISR"]
[SourceTitle "playchess.com"]
[Source "ChessBase"]
[SourceQuality "1"]
[TimeControl "5400+30"]

1. d4 Nf6 2. c4 g6 3. Nc3 Bg7 4. e4 d6 5. Be2 O-O 6. Nf3 Nbd7 7. O-O e5 8. Bg5 c6 9. a4 a5 10. Ne1 h6 11. Bh4 g5 12. Bg3 Qb6 13. Qd2 exd4 14. Bxd6 dxc3 15. bxc3 Nxe4 16. Qd3 Nxd6 17. Qxd6 Qb2 18. Qd1 Qxc3 19. Rc1 Qd4 20. Qc2 Nc5 21. Nf3 Qb2 22. Qd1 Be6 23. Rc2 Qb3 24. Qc1 Rad8 25. Rd1 Rxd1+ 26. Bxd1 Qxa4 27. Rc3 Qb4 28. Re3 Qxc4 29. Bc2 f5 30. Ne5 Bxe5 31. Rxe5 Nd3 0-1

[Event "21st IPCA World Championship 2022"]
[Site "Ashdod"]
[Date "2022.05.10"]
[Round "2.11"]
[White "Vardi, Moshe"]
[Black "Freiberg, Doron"]
[Result "1-0"]
[ECO "B80"]
[WhiteElo "1631"]
[BlackElo "1244"]
[Annotator "NA RC COMBH"]
[PlyCount "41"]
[EventDate "2022.05.09"]
[EventType "swiss"]
[EventCountry "ISR"]
[SourceTitle "playchess.com"]
[Source "ChessBase"]
[SourceQuality "1"]
[TimeControl "5400+30"]

1. e4 c5 2. Nf3 Nc6 3. d4 cxd4 4. Nxd4 e6 5. Nc3 Be7 6. Nxc6 bxc6 7. f4 d6 8. Bd3 Nf6 9. O-O O-O 10. Kh1 Ne8 11. f5 Bg5 12. Qg4 Bxc1 13. Raxc1 Nf6 14. Qh4 h6 15. Rf3 Nh7 16. f6 e5 17. Rcf1 Re8 18. Rg3 Ng5 19. Rxg5 hxg5 20. Qxg5 g6 21. Qh6 1-0

[Event "21st IPCA World Championship 2022"]
[Site "Ashdod"]
[Date "2022.05.10"]
[Round "2.12"]
[White "Frumin, Rebeka"]
[Black "Pilimon, Zbigniew"]
[Result "1-0"]
[ECO "B90"]
[WhiteElo "1319"]
[BlackElo "1620"]
[Annotator "NA RC COMBH"]
[PlyCount "71"]
[EventDate "2022.05.09"]
[EventType "swiss"]
[EventCountry "ISR"]
[SourceTitle "playchess.com"]
[Source "ChessBase"]
[SourceQuality "1"]
[TimeControl "5400+30"]

1. e4 c5 2. Nf3 d6 3. d4 cxd4 4. Nxd4 Nf6 5. Nc3 a6 6. a4 e5 7. Nf3 Be6 8. Bg5 Be7 9. Bxf6 Bxf6 10. Nd5 Be7 11. Ra3 Nd7 12. Rd3 Nc5 13. Re3 Nxa4 14. c4 Nb6 15. Be2 Rc8 16. b3 O-O 17. O-O f5 18. exf5 Bxd5 19. cxd5 Rc5 20. g4 Nxd5 21. Bc4 Qa5 22. b4 Qxb4 23. Bxd5+ Kh8 24. Re4 Qb6 25. Be6 Qc6 26. Re3 b5 27. Nd2 Bg5 28. Re2 Bf4 29. Ne4 Rc1 30. Qxd6 Rxf1+ 31. Kxf1 Qxd6 32. Nxd6 h6 33. Nf7+ Kh7 34. Nxe5 Bxh2 35. f3 Bf4 36. Ng6 1-0